 Dungeon Crawl Stone Soup version 0.28-a0-938-gbc3f381ebc (webtiles) character file.

Game seed: 3013512874222360363

3593 avis the Grappler (level 10, -4/86 HPs)
             Began as a Hill Orc Monk on Nov 27, 2021.
             Was a Believer of Beogh.
             Slain by a basilisk (19 damage)
             ... on level 9 of the Dungeon on Nov 28, 2021.
             The game lasted 01:02:56 (12857 turns).

avis the Grappler (Hill Orc Monk)                  Turns: 12857, Time: 01:03:01

Health: -4/86      AC:  2    Str: 16    XL:     10   Next: 10%
Magic:  8/13       EV: 22    Int: 12    God:    Beogh [**....]
Gold:   322        SH:  0    Dex: 18    Spells: 5/13 levels left

rFire   . . .      SeeInvis +     - Unarmed
rCold   . . .      Faith    .   (shield currently unavailable)
rNeg    . . .      Spirit   .   (armour currently unavailable)
rPois   x          Reflect  .   (helmet currently unavailable)
rElec   .          Harm     .   (cloak currently unavailable)
rCorr   .          Rampage  .   (gloves currently unavailable)
Will    .....                   (boots currently unavailable)
Stlth   ++........              y - amulet of the acrobat
HPRegen 0.24/turn               A - ring of see invisible
MPRegen 0.13/turn               (no ring)

@: spider-form (expiring), unable to read
A: venomous fangs, tiny, inability to read while threatened, devolution 1
a: End Transformation, Renounce Religion, Smiting


You were on level 9 of the Dungeon.
You worshipped Beogh.
Beogh was pleased with you.
You were a venomous arachnid creature.
You visited 2 branches of the dungeon, and saw 11 of its levels.

You collected 322 gold pieces.

Inventory:

Hand Weapons
 b - a +0 hunting sling
 k - a +0 trident
 p - the +8 whip of Wyur {antimagic, rF+ rN+ Will+ Str-3}
   (You found it on level 8 of the Dungeon)

   It reduces the magical energy of the wielder, and disrupts the spells and
   magical abilities of those it strikes.
   Natural abilities and divine invocations are not affected.
   Str:       It affects your strength (-3).
   rF:        It protects you from fire.
   rN:        It protects you from negative energy.
   Will:      It increases your willpower.
 z - a +1 war axe of venom
Missiles
 a - 27 bolts
 e - 290 stones (quivered)
 f - 6 boomerangs
 u - a throwing net
 w - 44 poisoned darts
 G - 14 sling bullets
Armour
 d - a +0 helmet (melded)
 t - a +0 leather armour (melded)
 x - a +2 cloak (melded)
Jewellery
 y - an amulet of the acrobat (around neck)
 A - a ring of see invisible (left front leg)
 E - a ring of ice
Wands
 m - a wand of iceblast (8)
 r - a wand of flame (11)
 v - a wand of mindburst (12)
Scrolls
 c - 4 scrolls of teleportation {unknown}
 g - 6 scrolls of identify {unknown}
 i - 2 scrolls of fog {unknown}
 j - 2 scrolls of blinking {unknown}
 l - 2 scrolls of acquirement {unknown}
 o - 2 scrolls of immolation {unknown}
 q - a scroll of enchant weapon {unknown}
 F - 2 scrolls of amnesia {unknown}
 H - 2 scrolls of magic mapping {unknown}
 I - a scroll of fear {unknown}
Potions
 h - 3 potions of flight
 n - a potion of lignification {unknown}
 s - 2 potions of cancellation {unknown}
 B - a potion of mutation {unknown}
 C - a potion of might
 D - a potion of brilliance {unknown}


   Skills:
 - Level 7.0 Fighting
 * Level 4.7 Dodging
 - Level 1.5 Stealth
 - Level 11.0 Unarmed Combat
 - Level 2.0 Spellcasting
 - Level 4.0 Transmutations
 - Level 2.0 Poison Magic
 - Level 5.0 Invocations


You had 5 spell levels left.
You knew the following spells:

 Your Spells              Type           Power      Damage    Failure   Level
a - Beastly Appendage     Tmut           20%        N/A       16%         1
c - Passwall              Tmut/Erth      5%         N/A       38%         2
e - Wereblood             Tmut           10%        N/A       21%         2
p - Spider Form           Tmut/Pois      8%         N/A       45%         3

Your spell library contained the following spells:

 Spells                   Type           Power      Damage    Failure   Level
 Swiftness                Air            1%         N/A       82%         3
 Fireball                 Conj/Fire      0%         3d3       100%        5
 Iskenderun's Battlesphe  Conj           1%         2d6       100%        5
 Conjure Ball Lightning   Conj/Air       0%         3x3d6     100%        6
 Orb of Destruction       Conj           0%         N/A       100%        7


Dungeon Overview and Level Annotations

Branches:
Dungeon (10/15)            Temple (1/1) D:7
   Lair: D:8-11         Orc: D:9-12

Altars:
Cheibriados

Shops:
D:6 *

Annotations:
D:7 2 transporters


Innate Abilities, Weirdness & Mutations

You are a venomous arachnid creature.
You have poisonous fangs.
You are tiny and dextrous.
Your spellcasting is less reliable in this form.
Your armour is entirely melded.
You are incapable of wielding weapons or throwing items.
You sometimes lose the ability to read scrolls when taking damage.
You have hidden genetic defects.


Message History

The basilisk gazes at you. The basilisk bites you. The basilisk bites you!
The basilisk gazes at you. You resist with some effort.
The basilisk bites you!! The basilisk gazes at you.
You resist with some effort. The basilisk gazes at you.
You resist with some effort. The basilisk gazes at you.
You resist with some effort. The basilisk gazes at you.
You resist with some effort. The basilisk bites you!
* * * LOW HITPOINT WARNING * * *
The basilisk gazes at you. The basilisk gazes at you.
The basilisk completely misses you. The basilisk bites you!
* * * LOW HITPOINT WARNING * * *
The basilisk bites you!
* * * LOW HITPOINT WARNING * * *
The basilisk barely misses you. x2
You turn to flesh and can move again.
You hit the basilisk.
The basilisk is poisoned.
The basilisk is lightly wounded.
Your transformation has ended.
Your +2 cloak unmelds from your body.
Your +0 helmet unmelds from your body.
Your +0 leather armour unmelds from your body.
The basilisk bites you but does no damage.
The basilisk gazes at you. You resist with some effort.
Casting: Spider Form (dangerous; 28% risk of failure)
Confirm with . or Enter, or press ? or * to list all spells.
You turn into a venomous arachnid creature.
Your +2 cloak melds into your body.
Your +0 helmet melds into your body.
Your +0 leather armour melds into your body.
The basilisk gazes at you. You resist with some effort.
The basilisk bites you!!
You die...

### # ##s## ##
#.#####l#l#
....#...#...##
........#/..###.
###.....†.[..$..#
#.#......#......
#.#...#.....#..
##.#.#...##.# .
#####.### ##


You could see 2 basilisks.

Vanquished Creatures
  A hornet (D:9)
  A wraith (D:5)
  Eustachio (D:6)
  2 wyverns (D:9)
  A steam dragon (D:9)
  Menkaure (D:7)
  2 orc warriors
  A sky beast (D:6)
  3 ice beasts
  A black bear (D:4)
  A hornet zombie (D:8)
  A necrophage (D:6)
  2 ogres (D:6)
  Blork the orc (D:5)
  A kobold brigand (D:8)
  A bullfrog (D:7)
  3 scorpions
  A wyvern zombie (D:8)
  A water moccasin zombie (D:5)
  9 killer bees
  4 howler monkeys
  A bullfrog zombie (D:5)
  A centaur zombie (D:8)
  3 hounds
  An orc priest (D:7)
  A centaur skeleton (D:6)
  A jelly (D:7)
  A bullfrog skeleton (D:6)
  3 iguanas
  2 orc wizards
  A hound zombie (D:5)
  2 howler monkey zombies
  2 howler monkey skeletons (D:7)
  5 adders
  A shadow imp (D:7)
  A white imp (D:4)
  A dart slug (D:2)
  28 orcs
  9 ball pythons
  10 endoplasms
  5 giant cockroaches (D:1)
  8 goblins
  6 hobgoblins
  7 kobolds
  7 quokkas
  6 bats
  2 frilled lizards
  5 rats
159 creatures vanquished.

Notes
Turn   | Place    | Note
-------+----------+-------------------------------------------
     0 | D:1      | avis the Hill Orc Monk began the quest for the Orb.
     0 | D:1      | Reached XP level 1. HP: 19/19 MP: 1/1
    80 | D:1      | Found a faded altar of an unknown god.
   173 | D:1      | Reached XP level 2. HP: 19/26 MP: 2/2
   184 | D:1      | Reached skill level 4 in Unarmed Combat
   731 | D:1      | Reached XP level 3. HP: 30/31 MP: 3/3
  1638 | D:2      | Reached skill level 5 in Unarmed Combat
  1758 | D:2      | Reached XP level 4. HP: 40/40 MP: 4/4
  3687 | D:4      | Reached skill level 6 in Unarmed Combat
  3687 | D:4      | Reached XP level 5. HP: 23/46 MP: 5/5
  4179 | D:4      | Learned a level 1 spell: Beastly Appendage
  4183 | D:4      | Learned a level 3 spell: Spider Form
  4318 | D:4      | Noticed an ice beast
  4337 | D:4      | Killed an ice beast
  4338 | D:4      | Reached XP level 6. HP: 30/52 MP: 4/6
  4552 | D:4      | Found a snail-covered altar of Cheibriados.
  4577 | D:4      | Reached skill level 7 in Unarmed Combat
  4577 | D:4      | Reached skill level 1 in Transmutations
  4742 | D:4      | HP: 2/52 [killer bee (8)]
  4744 | D:4      | Reached skill level 1 in Poison Magic
  5132 | D:4      | Noticed a black bear
  5156 | D:4      | Killed a black bear
  5157 | D:4      | Reached skill level 1 in Spellcasting
  5157 | D:4      | Reached XP level 7. HP: 36/59 MP: 2/8
  5277 | D:4      | Learned a level 2 spell: Wereblood
  5340 | D:4      | Reached skill level 5 in Fighting
  6390 | D:5      | Entered Level 5 of the Dungeon
  6534 | D:5      | Noticed a wraith
  6570 | D:5      | Killed a wraith
  6571 | D:5      | Reached skill level 8 in Unarmed Combat
  6571 | D:5      | Reached XP level 8. HP: 18/68 MP: 4/9
  7171 | D:4      | Reached skill level 9 in Unarmed Combat
  7844 | D:5      | Noticed Blork the orc
  7859 | D:5      | Killed Blork the orc
  8792 | D:6      | Reached skill level 10 in Unarmed Combat
  8792 | D:6      | Reached XP level 9. HP: 37/75 MP: 6/12
  9199 | D:6      | Became a worshipper of Beogh the Brigand
  9199 | D:6      | Reached * piety under Beogh
  9199 | D:6      | Reached ** piety under Beogh
  9311 | D:6      | Found Vaomip's Assorted Antiques.
  9348 | D:6      | Noticed Eustachio
  9373 | D:6      | Killed Eustachio
  9374 | D:6      | Reached skill level 1 in Invocations
  9488 | D:6      | Learned a level 2 spell: Passwall
 10057 | D:7      | Noticed Menkaure
 10076 | D:7      | Killed Menkaure
 10077 | D:7      | Reached skill level 11 in Unarmed Combat
 10321 | D:7      | Found a staircase to the Ecumenical Temple.
 10353 | Temple   | Entered the Ecumenical Temple
 10379 | Temple   | Upgraded the game from 0.28-a0-925-gd5e1996cdb to
                  | 0.28-a0-938-gbc3f381ebc
 10503 | D:7      | Found a transporter.
 10923 | D:7      | Found a transporter.
 10964 | D:7      | Gained mutation: You have hidden genetic defects.
                  | [mutagenic glow]
 11156 | D:8      | Identified the +8 whip of Wyur {antimagic, rF+ rN+ Will+
                  | Str-3}
 11236 | D:7      | Reached skill level 5 in Invocations
 11616 | D:10     | Entered Level 10 of the Dungeon
 11837 | D:8      | Noticed a catoblepas
 12573 | D:9      | Noticed a hornet
 12579 | D:9      | Killed a hornet
 12580 | D:9      | Reached XP level 10. HP: 86/86 MP: 10/13
 12598 | D:8      | Gained mutation: You sometimes lose the ability to read
                  | scrolls when taking damage. [hidden defects]
 12857 | D:9      | Slain by a basilisk

Illustrated notes

Levels and vault maps discovered:
D:1:      scummos_arrival_simple_fountains, layout_basic, basic_ecumenical_altar
D:2:      layout_basic, columned_hall_lemuel, minivault_19
D:3:      layout_loops_corners, kennysheep_generic_room_7
D:4:      layout_cave_pods, lemuel_tele_altar, minmay_misc_feat_chi,
          minmay_between
D:5:      nicolae_cairo_tiling_large_dashed, layout_basic, minmay_crossroads,
          uniq_blork_the_orc
D:6:      layout_basic, serial_shops, nicolae_shop_crystal, uniq_eustachio
D:7:      gammafunk_cloud_chamber, layout_cave_pods, minmay_temple_entry_waves,
          uniq_menkaure
D:8:      layout_basic, onia_ninara_dug_in_and_dangerous
D:9:      layout_loops_ring, erik_lair_dragon
D:10:     layout_loops_corners
Temple:   mainiacjoe_temple_archimedes_tessellation

Skill      XL: |  1  2  3  4  5  6  7  8  9 10 |
---------------+-------------------------------+-----
Unarmed Combat | 4 5 6 7 8 10 11 | 11.0
Fighting       | 4 5 6 7 |  7.0
Transmutations | 2 3 4 |  4.0
Poison Magic   | 2 |  2.0
Spellcasting   | 1 2 |  2.0
Dodging        | 3 4 |  4.7
Invocations    | 5 |  5.0
Stealth        | |  1.5

Action                   |  1- 3 |  4- 6 |  7- 9 | 10-12 || total
-------------------------+-------+-------+-------+-------++-------
Melee: Unarmed           |    94 |    97 |   238 |     8 ||   437
       Punch             |     2 |     1 |     1 |       ||     4
       Kick              |       |     3 |     5 |       ||     8
       Headbutt          |       |     3 |     4 |       ||     7
 Fire: Hunting sling     |    31 |    46 |    61 |       ||   138
Throw: Dart              |     1 |     5 |     3 |       ||     9
       Throwing net      |       |     1 |       |       ||     1
       Boomerang         |       |     1 |       |       ||     1
 Cast: Beastly Appendage |       |     5 |     7 |       ||    12
       Spider Form       |       |     3 |    52 |     5 ||    60
       Wereblood         |       |       |     1 |       ||     1
Invok: Convert to Beogh  |       |       |     1 |       ||     1
  Use: Potion            |       |     3 |     5 |       ||     8
       Scroll            |       |       |     1 |       ||     1
 Stab: Sleeping          |     2 |       |     1 |     1 ||     4
Armor: Robe              |    22 |    10 |     3 |       ||    35
       Skin              |       |       |    12 |       ||    12
       Leather armour    |       |       |     6 |     2 ||     8
Dodge: Dodged            |    60 |    69 |   231 |    13 ||   373

Table legend: (Time is in decaauts)
 A = Elapsed time spent in this place.
 B = Non-inter-level travel time spent in this place.
 C = Inter-level travel time spent in this place.
 D = Time resting spent in this place.
 E = Time spent auto-exploring this place.
 F = Levels seen in this place.
 G = Mean time per level.
                   A        B        C        D        E       F      G
               +--------+--------+--------+--------+--------+-----+--------+
         Total |  12850 |  11896 |    954 |   4549 |   4606 |  11 | 1168.2 |
       Dungeon |  12823 |  11869 |    954 |   4549 |   4606 |  10 | 1282.3 |
        Temple |     26 |     26 |      0 |      0 |      0 |   1 |   26.0 |
               +--------+--------+--------+--------+--------+-----+--------+

Top non-repeatable levels by time:
     D:4: 3225 daAuts
     D:3: 1750 daAuts
     D:7: 1648 daAuts
     D:6: 1386 daAuts
     D:5: 1319 daAuts
     D:1: 1150 daAuts
     D:2: 1122 daAuts
     D:8: 1103 daAuts
     D:9: 86 daAuts
    D:10: 31 daAuts
  Temple: 26 daAuts
